 Dungeon Crawl Stone Soup version 0.23.2-33-g5129a83184 (webtiles) character file.

Game seed: 6837446526304384433

130 Derp the Slasher (level 4, -7/34 HPs)
             Began as a Demonspawn Gladiator on July 23, 2019.
             Was a Follower of Nemelex Xobeh.
             Mangled by Sigmund
             ... wielding a +0 scythe
              (8 damage)
             ... on level 3 of the Dungeon.
             The game lasted 00:04:05 (1118 turns).

Derp the Slasher (Demonspawn Gladiator)             Turns: 1118, Time: 00:04:05

Health: -7/34      AC:  9    Str: 15    XL:     4   Next: 89%
Magic:  4/4        EV:  9    Int:  9    God:    Nemelex Xobeh [*.....]
Gold:   95         SH:  3    Dex: 15    Spells: 3/3 levels left

rFire    . . .     SeeInvis .   a - +0 long sword
rCold    . . .     Gourm    .   h - +0 buckler
rNeg     . . .     Faith    .   j - +0 chain mail
rPois    .         Spirit   .   c - +0 helmet
rElec    .         Reflect  .   (no cloak)
rCorr    .         Harm     .   (no gloves)
MR       .....                  (no boots)
Stlth    ..........             (no amulet)
HPRegen  0.11/turn              i - ring of wizardry
MPRegen  0.09/turn              (no ring)

@: no status effects
A: repulsion field 1, spiny 1
a: Draw Escape, Draw Destruction, Draw Summoning, Renounce Religion


You were on level 3 of the Dungeon.
You worshipped Nemelex Xobeh.
Nemelex Xobeh was aware of your devotion.
You were hungry.

You visited 1 branch of the dungeon, and saw 3 of its levels.

You collected 95 gold pieces.

Inventory:

Hand Weapons
 a - a +0 long sword (weapon)
Missiles
 d - 3 throwing nets (quivered)
Armour
 c - a +0 helmet (worn)
 h - a +0 buckler (worn)
 j - a +0 chain mail (worn)
Jewellery
 i - a ring of wizardry (left hand)
 r - an uncursed ring of magical power {unknown}
Wands
 q - a wand of iceblast (6)
Scrolls
 b - a scroll of noise {unknown}
 e - 7 scrolls of identify {unknown}
 g - a scroll of fear {unknown}
 k - a scroll of enchant weapon {unknown}
 m - a scroll of blinking {unknown}
 p - 2 scrolls of teleportation {unknown}
 s - a scroll of enchant armour {unknown}
Potions
 l - 5 potions of curing {unknown}
 n - a potion of agility {unknown}
 o - a potion of lignification {unknown}
 t - a potion of heal wounds {unknown}
Comestibles
 f - 6 rations


   Skills:
 + Level 2.6 Fighting
 + Level 4.2 Long Blades
 + Level 1.9 Throwing
 + Level 1.1 Armour
 + Level 3.1 Dodging


You had 3 spell levels left.
You didn't know any spells.
Your spell library was empty.

Dungeon Overview and Level Annotations

Branches:
Dungeon (3/15)

Altars:
Cheibriados
Elyvilon
Kikubaaqudgha
Nemelex Xobeh
Okawaru
Uskayaw
Wu Jian
The Shining One

Annotations:
D:3 Sigmund


Innate Abilities, Weirdness & Mutations

You are surrounded by a mild repulsion field. (EV +2)
You are partially covered in sharp spines.


Message History

You draw a card...
You have drawn the Tomb.
Walls emerge from the floor!
The walls disappear!
Sigmund barely misses you.
The orc wizard hits you but does no damage.
Sigmund hits you but does no damage.
The orc wizard is struck by your spines.
The orc wizard hits you with a +0 dagger.
* * * LOW HITPOINT WARNING * * *
The orc wizard casts a spell at you. The magic dart hits you.
* * * LOW HITPOINT WARNING * * *
Sigmund hits you but does no damage. You block the orc wizard's attack.
Sigmund hits you but does no damage.
The orc wizard mumbles some strange words.
The orc wizard blinks!
The orc wizard hits you but does no damage.
Sigmund closely misses you.
The orc wizard hits you but does no damage.
Sigmund hits you from afar with a +0 scythe!
You die...
Your body disappears without a glow.

#............#
#............#
##............# ####
#............# ....?.
#.##...†(...## ......
##.###.)..####
......# ##..#g..#<.#
.......###<.##o###..#
...........##.@#
#....
...........)@.##
#..#.#
.........######
.....# .........#
.(.### ##.......#
...# ...(.......
<#..# ##......[.##
#.........
.[......##..


You could see Sigmund, an orc wizard and a hobgoblin.

Vanquished Creatures
  2 adders
  4 gnolls (D:2)
  A worm (D:2)
  2 dart slugs
  3 leopard geckos
  4 orcs (D:3)
  A ball python (D:2)
  6 bats
  3 giant cockroaches
  A goblin (D:1)
  11 hobgoblins
  3 jackals (D:1)
  2 quokkas (D:2)
  4 frilled lizards
  A kobold (D:1)
  14 rats (D:1)
62 creatures vanquished.

Notes
Turn   | Place    | Note
-------+----------+-------------------------------------------
     0 | D:1      | Derp the Demonspawn Gladiator began the quest for the Orb.
     0 | D:1      | Reached XP level 1. HP: 16/16 MP: 1/1
    33 | D:1      | Gained mutation: You are partially covered in sharp spines.
                  | [demonic ancestry]
    33 | D:1      | Reached XP level 2. HP: 15/22 MP: 2/2
    34 | D:1      | Reached skill level 3 in Long Blades
    63 | D:1      | Found a sparkling altar of Nemelex Xobeh.
    77 | D:1      | Became a worshipper of Nemelex Xobeh the Trickster
    95 | D:1      | Received a gift from Nemelex Xobeh
   213 | D:1      | Gained mutation: You are surrounded by a mild repulsion
                  | field. (EV +2) [demonic ancestry]
   213 | D:1      | Reached XP level 3. HP: 26/27 MP: 3/3
   491 | D:2      | Found a snail-covered altar of Cheibriados.
   491 | D:2      | Reached * piety under Nemelex Xobeh
   507 | D:2      | Found an ancient bone altar of Kikubaaqudgha.
   508 | D:2      | Found an iron altar of Okawaru.
   508 | D:2      | Found a glowing golden altar of the Shining One.
   527 | D:2      | Reached XP level 4. HP: 23/34 MP: 4/4
   529 | D:2      | Found a sparkling altar of Nemelex Xobeh.
   529 | D:2      | Found a white marble altar of Elyvilon.
   531 | D:2      | Reached skill level 4 in Long Blades
   549 | D:2      | Received a gift from Nemelex Xobeh
   565 | D:2      | Found an ornate altar of the Wu Jian Council.
   567 | D:2      | Found a hide-covered altar of Uskayaw.
  1035 | D:3      | Reached skill level 1 in Armour
  1057 | D:3      | Noticed Sigmund
  1114 | D:3      | HP: 1/34 [orc wizard/magic dart (4)]
  1118 | D:3      | Mangled by Sigmund

Skill      XL: |  1  2  3  4 |
---------------+-------------+-----
Long Blades    | 3 4 |  4.2
Dodging        | 3 |  3.1
Armour         | 1 |  1.1
Fighting       | |  2.6
Throwing       | |  1.9

Action                   |  1- 3 |  4- 6 || total
-------------------------+-------+-------++-------
Melee: Long sword        |    61 |    55 ||   116
 Abil: Draw Escape       |       |     2 ||     2
Armor: Leather armour    |     6 |       ||     6
       Chain mail        |    11 |    33 ||    44
Dodge: Dodged            |    41 |    31 ||    72
Block: Buckler           |     3 |    10 ||    13
       Rpst.: Long sword |    14 |    13 ||    27
